 Dungeon Crawl Stone Soup version 0.26.1-11-gd32895ea62 (webtiles) character file.

Game seed: 6055577033195911519

2526 phalm the Destroyer (level 9, -1/66 HPs)
             Began as a Gnoll Conjurer on June 15, 2021.
             Was an Elder of Cheibriados.
             Killed from afar by Erica (25 damage)
             ... with a lance of force
             ... on level 8 of the Dungeon.
             The game lasted 00:15:33 (10032 turns).

phalm the Destroyer (Gnoll Conjurer)               Turns: 10032, Time: 00:15:33

Health: -1/66      AC:  7    Str: 18    XL:     9   Next: 54%
Magic:  3/19       EV: 18    Int: 34    God:    Cheibriados [****..]
Gold:   166        SH:  0    Dex: 22    Spells: 10/21 levels left

rFire    + . .     SeeInvis .   a - +10 trident of Pebepsun {freeze, rPois}
rCold    + . .     Faith    .   (no shield)
rNeg     . . .     Spirit   .   I - +0 robe
rPois    +         Reflect  .   D - +2 helmet
rElec    .         Harm     .   g - scarf {rC+ rF+}
rCorr    .         Rampage  .   J - +0 pair of gloves
Will     .....                  e - +0 pair of boots
Stlth    +++++.....             (no amulet)
HPRegen  0.21/turn              Q - ring of stealth
MPRegen  0.16/turn              (no ring)

@: slowed, very slow
A: distributed training, fangs 1, strong nose
a: Renounce Religion, Bend Time, Temporal Distortion, Slouch


You were on level 8 of the Dungeon.
You worshipped Cheibriados.
Cheibriados was greatly pleased with you.
You visited 1 branch of the dungeon, and saw 8 of its levels.
You also visited: Ossuary.

You collected 395 gold pieces.
You spent 229 gold pieces at shops.


Innate Abilities, Weirdness & Mutations

Your experience applies equally to all skills.
You have very sharp teeth.
Your uncanny sense of smell can sniff out nearby items.


   Skills:
 + Level 4.3 Fighting
 + Level 4.3 Short Blades
 + Level 4.3 Long Blades
 + Level 4.3 Axes
 + Level 4.3 Maces & Flails
 + Level 4.3 Polearms
 + Level 4.3 Staves
 + Level 4.3 Slings
 + Level 4.3 Bows
 + Level 4.3 Crossbows
 + Level 4.3 Throwing
 + Level 4.3 Armour
 + Level 6.4 Dodging
 + Level 6.1 Stealth
 + Level 4.3 Shields
 + Level 4.3 Unarmed Combat
 + Level 6.7 Spellcasting
 + Level 8.0 Conjurations
 + Level 3.6 Hexes
 + Level 3.6 Summonings
 + Level 3.6 Necromancy
 + Level 3.6 Translocations
 + Level 3.6 Transmutations
 + Level 3.6 Fire Magic
 + Level 3.6 Ice Magic
 + Level 3.6 Air Magic
 + Level 3.6 Earth Magic
 + Level 3.6 Poison Magic
 + Level 4.8 Invocations
 + Level 4.3 Evocations


You had 10 spell levels left.
You knew the following spells:

 Your Spells              Type           Power        Failure   Level
f - Fulminant Prism       Conj/Hex       25%          3%          4
m - Magic Dart            Conj           100%         1%          1
s - Searing Ray           Conj           100%         1%          2
X - Iskenderun's Mystic   Conj/Tloc      50%          3%          4

Your spell library contained the following spells:

 Spells                   Type           Power        Failure   Level
 Shock                    Conj/Air       100%         1%          1
 Swiftness                Air            35%          1%          2
 Dazzling Flash           Conj/Hex       100%         1%          3
 Static Discharge         Conj/Air       50%          1%          3
 Airstrike                Air            17%          9%          4
 Lightning Bolt           Conj/Air       25%          10%         5

Inventory:

Hand Weapons
 a - the +10 trident of Pebepsun (weapon) {freeze, rPois}
   (You bought it in a shop on level 6 of the Dungeon)

   It has been specially enchanted to freeze those struck by it, causing extra
   injury to most foes and up to half again as much damage against particularly
   susceptible opponents.
   It can also slow down cold-blooded creatures.
   It protects you from poison.
 G - a +1 long sword of holy wrath
   (You found it in an ossuary)
Missiles
 c - 2 boomerangs
 k - 3 atropa-tipped darts
 o - 66 sling bullets
 t - a throwing net {=f!f}
 A - 60 bolts
 B - 4 javelins
Armour
 e - a +0 pair of boots (worn)
   (You found it on level 1 of the Dungeon)
 g - a scarf of resistance (worn)
   (You found it on level 6 of the Dungeon)
 m - a scarf of repulsion
   (You found it on level 2 of the Dungeon)
 D - a +2 helmet (worn)
   (You found it on level 6 of the Dungeon)
 I - a +0 robe (worn)
 J - a +0 pair of gloves (worn)
   (You found it on level 7 of the Dungeon)
 M - a +0 cloak of stealth
   (You took it off Crazy Yiuf on level 7 of the Dungeon)
Jewellery
 Q - a ring of stealth (left hand)
   (You found it on level 3 of the Dungeon)
Wands
 y - a wand of enslavement (9)
   (You found it on level 4 of the Dungeon)
Scrolls
 i - 6 scrolls of remove curse {@r2}
 j - a scroll of noise {!r}
 l - 3 scrolls of teleportation {@r4}
 n - 2 scrolls of fog
 q - 4 scrolls of fear
 s - 3 scrolls of enchant weapon
 v - 2 scrolls of immolation {!r!r}
 w - 2 scrolls of amnesia
 C - a scroll of enchant armour {unknown}
 H - 2 scrolls of random uselessness {unknown}
 L - a scroll of acquirement {unknown}
Potions
 b - 3 potions of curing {@q1}
 d - 5 potions of degeneration {unknown}
 f - 2 potions of flight {unknown}
 h - a potion of might {unknown}
 p - 2 potions of brilliance {unknown}
 r - 2 potions of invisibility {unknown}
 u - a potion of mutation {unknown}
 x - a potion of haste {unknown}
 z - 2 potions of heal wounds {unknown}
 E - 2 potions of lignification {unknown}
 F - 3 potions of resistance {unknown}
 K - a potion of attraction {unknown}

Dungeon Overview and Level Annotations

Branches:
Dungeon (8/15)             Temple (0/1) D:4         Ossuary (visited)
   Lair: D:8-11

Altars:
Cheibriados
Elyvilon
Hepliaklqana
Nemelex Xobeh
Okawaru
Qazlal
Ru
Sif Muna
Zin

Shops:
D:6 (

Annotations:
D:8 Erica

#.######
#....<.#
######.#
#.#
###.#####.#
#..@{.....#
#.#.#######
#.#.# # #.#
#.# #.# #..
###


There were no monsters in sight!


Message History

MASSIVE DAMAGE!! (PAUSE)
You fail to use your ability.
You hear some strange, mumbled words.
You feel as though you will be slow longer.
It was a potion of curing.
You feel better. Something hits you!
* * * LOW HITPOINT WARNING * * *
Something burns you.
* * * LOW HITPOINT WARNING * * *
😨 HP[-1] MP[+1]
You take 1 damage, and now have 30/66 hp.
Okay, then.
Casting: Searing Ray (safe; 1% risk of failure)
Confirm with . or Enter, or press ? or * to list all spells.
You can't see any susceptible monsters within range! (Use Z to cast anyway.) Unknown command.
Casting: Searing Ray (safe; 1% risk of failure)
Confirm with . or Enter, or press ? or * to list all spells.
You erupt in a blast of force!
The mystic blast hits something! 😨 MP[-4]
You lost 4 mp, and now have 12/19 mp.
Casting: Iskenderun's Mystic Blast (dangerous; 3% risk of failure)
Confirm with . or Enter, or press ? or * to list all spells.
Aiming: Searing Ray (safe; 1% risk of failure)
Press: ? - help, Shift-Dir - straight line The searing ray hits something! (Press . to maintain the ray.)
Something hits you!
* * * LOW HITPOINT WARNING * * *
Something burns you.
* * * LOW HITPOINT WARNING * * *
😨 HP[-8] MP[-2]
You take 8 damage, and now have 22/66 hp.
You lost 2 mp, and now have 10/19 mp.
The searing ray hits something.
Something hits you!
* * * LOW HITPOINT WARNING * * *
Something burns you.
* * * LOW HITPOINT WARNING * * *
😱 HP[-12] MP[-1]
You take 12 damage, and now have 10/66 hp.
You lost 1 mp, and now have 9/19 mp.
Something hits you.
* * * LOW HITPOINT WARNING * * *
😱 HP[-4]
You take 4 damage, and now have 6/66 hp.
You feel better. Something barely misses you.
You hear some strange, mumbled words.
You are confused. 😱 HP[+9]
You regained 9 hp, and now have 15/66 hp.
You feel better.
You hear some strange, mumbled words.
You feel as though you will be slow longer. 😨 HP[+7]
You regained 7 hp, and now have 22/66 hp.
Casting: Searing Ray (safe; 1% risk of failure)
Confirm with . or Enter, or press ? or * to list all spells.
You don't know that spell.
Casting: Searing Ray (safe; 1% risk of failure)
Confirm with . or Enter, or press ? or * to list all spells.
You erupt in a blast of force!
The mystic blast hits something.
You hear some strange, mumbled words.
You feel as though you will be slow longer.
You hear some strange, mumbled words.
Something tries to affect you, but you resist. 😨 MP[-4]
You lost 4 mp, and now have 5/19 mp.
You miss something. You bite something.
You hear some strange, mumbled words.
You are confused. 😨 HP[+1] MP[+1]
You feel better.
You hear some strange, mumbled words.
You feel as though you will be slow longer.
Something closely misses you. 😨 HP[+6]
You regained 6 hp, and now have 29/66 hp.
Casting: Iskenderun's Mystic Blast (dangerous; 3% risk of failure)
Confirm with . or Enter, or press ? or * to list all spells.
You erupt in a blast of force!
The mystic blast hits something. 😨 MP[-4]
You lost 4 mp, and now have 2/19 mp.
You swing at nothing.
You hear some strange, mumbled words.
A bolt of poison appears from out of thin air!
The bolt of poison hits you! You resist.
* * * LOW HITPOINT WARNING * * *
😨 HP[-6]
You take 6 damage, and now have 23/66 hp.
You swing at nothing.
You hear some strange, mumbled words.
Something tries to affect you, but you resist. 😨 MP[+1]
You puncture something! You freeze something.
You hear some strange, mumbled words.
Something tries to affect you, but you resist.
You barely miss something. You bite something.
You hear some strange, mumbled words.
A lance of force appears from out of thin air!
The lance of force hits you!!
You die...

Skill      XL: |  1  2  3  4  5  6  7  8  9 |
---------------+----------------------------+-----
Spellcasting   | 5 6 |  6.7
Invocations    | 1 2 3 4 |  4.8
Fighting       | 1 2 3 4 |  4.3
Short Blades   | 1 2 3 4 |  4.3
Long Blades    | 1 2 3 4 |  4.3
Axes           | 1 2 3 4 |  4.3
Maces & Flails | 1 2 3 4 |  4.3
Polearms       | 1 2 3 4 |  4.3
Staves         | 1 2 3 4 |  4.3
Slings         | 1 2 3 4 |  4.3
Bows           | 1 2 3 4 |  4.3
Crossbows      | 1 2 3 4 |  4.3
Throwing       | 1 2 3 4 |  4.3
Armour         | 1 2 3 4 |  4.3
Shields        | 1 2 3 4 |  4.3
Unarmed Combat | 1 2 3 4 |  4.3
Evocations     | 1 2 3 4 |  4.3
Hexes          | 1 2 3 |  3.6
Summonings     | 1 2 3 |  3.6
Necromancy     | 1 2 3 |  3.6
Translocations | 1 2 3 |  3.6
Transmutations | 1 2 3 |  3.6
Fire Magic     | 1 2 3 |  3.6
Ice Magic      | 1 2 3 |  3.6
Air Magic      | 1 2 3 |  3.6
Earth Magic    | 1 2 3 |  3.6
Poison Magic   | 1 2 3 |  3.6
Dodging        | 5 6 |  6.4
Stealth        | 5 6 |  6.1
Conjurations   | 8 |  8.0

Action                   |  1- 3 |  4- 6 |  7- 9 || total
-------------------------+-------+-------+-------++-------
Melee: Spear             |     2 |    25 |     9 ||    36
       Bite              |       |     3 |     7 ||    10
       Punch             |       |     1 |     1 ||     2
       Dagger            |       |       |     4 ||     4
       Trident           |       |       |    27 ||    27
       Short sword       |       |       |     6 ||     6
       Long sword        |       |       |     3 ||     3
Throw: Dart              |     1 |       |       ||     1
 Cast: Magic Dart        |    49 |   108 |   211 ||   368
       Searing Ray       |     3 |    13 |    37 ||    53
       Iskenderun's Myst |       |       |     3 ||     3
  Use: Scroll            |       |       |     8 ||     8
       Potion            |       |       |     4 ||     4
 Stab: Sleeping          |     1 |     2 |     3 ||     6
Armor: Robe              |     1 |    13 |     6 ||    20
Dodge: Dodged            |     1 |    44 |    50 ||    95
       Repelled          |       |     1 |       ||     1
       Rpst.: Long sword |       |       |     2 ||     2

Levels and vault maps discovered:
D:1:      minmay_arrival_hallway, layout_basic
D:2:      layout_rooms
D:3:      layout_rooms, chequers_temple_overflow_minitemple
D:4:      layout_layer_cave, minmay_temple_entry_antechambers,
          chequers_serial_rivers_micro_a
D:5:      layout_loops_cross, eino_small_chamber_without_monster, st_stairs_3,
          chequers_mini_garden
D:6:      layout_loops_corners, enter_ossuary_2, serial_shops,
          nicolae_shop_overgrown_old_shop, ebering_ghost_rock_garden,
          minmay_lizard_king
D:7:      layout_loops_cross, okawaru_metal_pillars_3, zin_angel,
          grunt_qazlal_sundering, basic_altar, grunt_ministairs_13,
          uniq_crazy_yiuf_cottage
D:8:      layout_loops_ring, eat_drink_and_be_merry_uskayaw, lightli_minifort,
          uniq_erica, uniq_joseph

Notes
Turn   | Place    | Note
-------+----------+-------------------------------------------
     0 | D:1      | phalm the Gnoll Conjurer began the quest for the Orb.
     0 | D:1      | Reached XP level 1. HP: 13/13 MP: 6/6
     0 | D:1      | magus.rc [v1.9.10]
   200 | D:1      | Reached XP level 2. HP: 19/19 MP: 5/7
   203 | D:1      | Learned a level 2 spell: Searing Ray
  1343 | D:2      | Reached XP level 3. HP: 25/25 MP: 5/9
  1344 | D:2      | Reached skill level 5 in Spellcasting
  1432 | D:2      | Reached skill level 1 in Invocations
  1694 | D:2      | Reached skill level 1 in Fighting
  1694 | D:2      | Reached skill level 1 in Short Blades
  1694 | D:2      | Reached skill level 1 in Long Blades
  1694 | D:2      | Reached skill level 1 in Axes
  1694 | D:2      | Reached skill level 1 in Maces & Flails
  1694 | D:2      | Reached skill level 1 in Polearms
  1694 | D:2      | Reached skill level 1 in Staves
  1694 | D:2      | Reached skill level 1 in Slings
  1694 | D:2      | Reached skill level 1 in Bows
  1694 | D:2      | Reached skill level 1 in Crossbows
  1694 | D:2      | Reached skill level 1 in Throwing
  1694 | D:2      | Reached skill level 1 in Armour
  1694 | D:2      | Reached skill level 1 in Shields
  1694 | D:2      | Reached skill level 1 in Unarmed Combat
  1694 | D:2      | Reached skill level 1 in Evocations
  1801 | D:2      | Reached XP level 4. HP: 32/32 MP: 7/11
  2268 | D:2      | Reached skill level 1 in Hexes
  2268 | D:2      | Reached skill level 1 in Summonings
  2268 | D:2      | Reached skill level 1 in Necromancy
  2268 | D:2      | Reached skill level 1 in Translocations
  2268 | D:2      | Reached skill level 1 in Transmutations
  2268 | D:2      | Reached skill level 1 in Fire Magic
  2268 | D:2      | Reached skill level 1 in Ice Magic
  2268 | D:2      | Reached skill level 1 in Air Magic
  2268 | D:2      | Reached skill level 1 in Earth Magic
  2268 | D:2      | Reached skill level 1 in Poison Magic
  2393 | D:2      | Learned a level 4 spell: Fulminant Prism
  2398 | D:2      | Learned a level 4 spell: Iskenderun's Mystic Blast
  2475 | D:3      | Reached XP level 5. HP: 26/37 MP: 0/12
  2763 | D:3      | Reached skill level 2 in Invocations
  2763 | D:3      | Reached XP level 6. HP: 44/44 MP: 9/13
  3193 | D:3      | Found a snail-covered altar of Cheibriados.
  3193 | D:3      | Found a sparkling altar of Nemelex Xobeh.
  3223 | D:3      | Found a hazy altar of Hepliaklqana.
  3227 | D:3      | Found a sacrificial altar of Ru.
  3228 | D:3      | Found a white marble altar of Elyvilon.
  3240 | D:3      | Became a worshipper of Cheibriados the Contemplative
  3598 | D:4      | Reached skill level 2 in Fighting
  3598 | D:4      | Reached skill level 2 in Short Blades
  3598 | D:4      | Reached skill level 2 in Long Blades
  3598 | D:4      | Reached skill level 2 in Axes
  3598 | D:4      | Reached skill level 2 in Maces & Flails
  3598 | D:4      | Reached skill level 2 in Polearms
  3598 | D:4      | Reached skill level 2 in Staves
  3598 | D:4      | Reached skill level 2 in Slings
  3598 | D:4      | Reached skill level 2 in Bows
  3598 | D:4      | Reached skill level 2 in Crossbows
  3598 | D:4      | Reached skill level 2 in Throwing
  3598 | D:4      | Reached skill level 2 in Armour
  3598 | D:4      | Reached skill level 5 in Dodging
  3598 | D:4      | Reached skill level 2 in Shields
  3598 | D:4      | Reached skill level 2 in Unarmed Combat
  3598 | D:4      | Reached skill level 2 in Evocations
  3835 | D:4      | Found a staircase to the Ecumenical Temple.
  4047 | D:4      | Reached * piety under Cheibriados
  4329 | D:4      | Reached XP level 7. HP: 50/50 MP: 9/15
  4906 | D:4      | Reached skill level 2 in Hexes
  4906 | D:4      | Reached skill level 2 in Summonings
  4906 | D:4      | Reached skill level 2 in Necromancy
  4906 | D:4      | Reached skill level 2 in Translocations
  4906 | D:4      | Reached skill level 2 in Transmutations
  4906 | D:4      | Reached skill level 2 in Fire Magic
  4906 | D:4      | Reached skill level 2 in Ice Magic
  4906 | D:4      | Reached skill level 2 in Air Magic
  4906 | D:4      | Reached skill level 2 in Earth Magic
  4906 | D:4      | Reached skill level 2 in Poison Magic
  5255 | D:4      | Reached skill level 5 in Stealth
  5509 | D:5      | Entered Level 5 of the Dungeon
  5537 | D:5      | Reached skill level 3 in Invocations
  5697 | D:5      | Reached XP level 8. HP: 45/57 MP: 7/16
  5710 | D:5      | Reached skill level 3 in Fighting
  5710 | D:5      | Reached skill level 3 in Short Blades
  5710 | D:5      | Reached skill level 3 in Long Blades
  5710 | D:5      | Reached skill level 3 in Axes
  5710 | D:5      | Reached skill level 3 in Maces & Flails
  5710 | D:5      | Reached skill level 3 in Polearms
  5710 | D:5      | Reached skill level 3 in Staves
  5710 | D:5      | Reached skill level 3 in Slings
  5710 | D:5      | Reached skill level 3 in Bows
  5710 | D:5      | Reached skill level 3 in Crossbows
  5710 | D:5      | Reached skill level 3 in Throwing
  5710 | D:5      | Reached skill level 3 in Armour
  5710 | D:5      | Reached skill level 3 in Shields
  5710 | D:5      | Reached skill level 3 in Unarmed Combat
  5710 | D:5      | Reached skill level 3 in Evocations
  6008 | D:5      | Reached ** piety under Cheibriados
  6209 | D:5      | Reached skill level 6 in Spellcasting
  7119 | D:6      | Found a runed translucent gate.
  7120 | D:6      | Found a runed translucent gate.
  7121 | D:6      | Found a runed translucent gate.
  7134 | D:6      | Reached skill level 3 in Hexes
  7134 | D:6      | Reached skill level 3 in Summonings
  7134 | D:6      | Reached skill level 3 in Necromancy
  7134 | D:6      | Reached skill level 3 in Translocations
  7134 | D:6      | Reached skill level 3 in Transmutations
  7134 | D:6      | Reached skill level 3 in Fire Magic
  7134 | D:6      | Reached skill level 3 in Ice Magic
  7134 | D:6      | Reached skill level 3 in Air Magic
  7134 | D:6      | Reached skill level 3 in Earth Magic
  7134 | D:6      | Reached skill level 3 in Poison Magic
  7134 | D:6      | Reached skill level 4 in Invocations
  7156 | D:6      | Reached skill level 6 in Dodging
  7161 | D:6      | Reached XP level 9. HP: 65/65 MP: 7/18
  7163 | D:6      | Found a sand-covered staircase.
  7224 | Ossuary  | Entered an ossuary
  7232 | Ossuary  | Reached *** piety under Cheibriados
  7943 | D:6      | Reached skill level 4 in Fighting
  7943 | D:6      | Reached skill level 4 in Short Blades
  7943 | D:6      | Reached skill level 4 in Long Blades
  7943 | D:6      | Reached skill level 4 in Axes
  7943 | D:6      | Reached skill level 4 in Maces & Flails
  7943 | D:6      | Reached skill level 4 in Polearms
  7943 | D:6      | Reached skill level 4 in Staves
  7943 | D:6      | Reached skill level 4 in Slings
  7943 | D:6      | Reached skill level 4 in Bows
  7943 | D:6      | Reached skill level 4 in Crossbows
  7943 | D:6      | Reached skill level 4 in Throwing
  7943 | D:6      | Reached skill level 4 in Armour
  7943 | D:6      | Reached skill level 4 in Shields
  7943 | D:6      | Reached skill level 4 in Unarmed Combat
  7943 | D:6      | Reached skill level 4 in Evocations
  8191 | D:6      | Found Hecar's Antique Weapon Emporium.
  8208 | D:6      | Bought a faintly glowing trident for 229 gold pieces
  8208 | D:6      | Identified the +10 trident of Pebepsun {freeze, rPois} (You
                  | bought it in a shop on level 6 of the Dungeon)
  8759 | D:6      | Reached **** piety under Cheibriados
  8866 | D:6      | Noticed buriedalive's ghost (amateur HaHu)
  9037 | D:6      | Killed buriedalive's ghost
  9038 | D:6      | Reached skill level 6 in Stealth
  9038 | D:6      | Reached skill level 8 in Conjurations
  9136 | D:7      | Found a stormy altar of Qazlal.
  9138 | D:7      | You pick up a book of Air and begin reading...
  9138 | D:7      | You add the spells Shock, Swiftness, Static Discharge,
                  | Airstrike and Lightning Bolt to your library.
  9359 | D:7      | Found an iron altar of Okawaru.
  9520 | D:7      | Found a glowing silver altar of Zin.
  9521 | D:7      | Noticed an angel
  9782 | D:7      | Found a shimmering blue altar of Sif Muna.
  9907 | D:7      | Found a runed translucent door.
  9908 | D:7      | Noticed Crazy Yiuf
  9913 | D:7      | Killed Crazy Yiuf
 10004 | D:8      | Noticed Erica
 10021 | D:8      | HP: 11/66 [something (11)]
 10032 | D:8      | Killed from afar by Erica

Vanquished Creatures
  The ghost of buriedalive the Vandal, an amateur HaHu (D:6)
  A phantom (D:7)
  3 ice beasts
  A black bear (D:6)
  An ogre (D:4)
  2 centaurs
  4 bullfrogs
  3 scorpions (D:6)
  A bullfrog zombie (D:5)
  2 centaur zombies (Ossuary)
  A human zombie (Ossuary)
  A jelly (D:5)
  A centaur skeleton (D:4)
  6 hounds
  3 orc priests
  Crazy Yiuf (D:7)
  A bullfrog skeleton (D:4)
  7 orc wizards
  3 iguanas
  5 worker ants
  2 big kobold zombies (Ossuary)
  2 mummies (Ossuary)
  A worker ant zombie (D:5)
  14 adders
  A white imp (D:7)
  2 ufetubi
  An adder skeleton (D:7)
  4 worms
  3 dart slugs (D:2)
  7 leopard geckos
  27 orcs
  2 ball pythons
  8 giant cockroaches
  9 goblins
  7 hobgoblins
  6 jackals
  9 kobolds
  2 quokkas
  4 bats (D:3)
  11 frilled lizards
  2 goblin zombies (Ossuary)
  15 hobgoblin zombies (Ossuary)
  A jackal zombie (Ossuary)
  6 kobold zombies (Ossuary)
  A leopard gecko skeleton (D:4)
  8 orc zombies (Ossuary)
  2 quokka skeletons (D:4)
  7 rats
212 creatures vanquished.

Vanquished Creatures (others)
  A fungus (D:7)
  4 plants (D:6)
5 creatures vanquished.

Grand Total: 217 creatures vanquished

Table legend:
 A = Non-vault XP
 B = Vault XP
 C = Vault XP percentage of total XP
 D = Non-vault monster count
 E = Vault monster count
 F = Vault count percentage of total count
                 A         B        C        D         E       F
            +---------+---------+-------+---------+---------+-------
      Total |    3039 |     570 |  15.8 |     162 |      50 |  23.6
            +---------+---------+-------+---------+---------+-------
        D:1 |      29 |       0 |   0.0 |      18 |       0 |   0.0
        D:2 |     107 |       0 |   0.0 |      26 |       0 |   0.0
        D:3 |     260 |       0 |   0.0 |      37 |       0 |   0.0
        D:4 |     594 |       0 |   0.0 |      29 |       0 |   0.0
        D:5 |    1056 |      13 |   1.2 |      34 |       1 |   2.9
        D:6 |     612 |     210 |  25.5 |       9 |       8 |  47.1
        D:7 |     381 |      85 |  18.2 |       9 |       2 |  18.2
    Ossuary |       0 |     262 | 100.0 |       0 |      39 | 100.0
            +---------+---------+-------+---------+---------+-------

Illustrated notes

Table legend:
 A = Kills in this place as a percentage of kills in entire the game.
 B = Kills by you in this place as a percentage of kills by you in the entire game.
 C = Kills by friends in this place as a percentage of kills by friends in the entire game.
 D = Other kills in this place as a percentage of other kills in the entire game.
 E = Experience gained in this place as a percentage of experience gained in the entire game.
 F = Experience gained in this place divided by the number of levels of this place that you have seen.
                   A       B       C       D       E      F
               +-------+-------+-------+-------+-------+----------------------
         Total | 100.0 | 100.0 |   N/A |   N/A | 100.0 | 401.0
       Dungeon |  81.6 |  81.6 |   N/A |   N/A |  92.7 | 418.4
       Ossuary |  18.4 |  18.4 |   N/A |   N/A |   7.3 | 262.0
               +-------+-------+-------+-------+-------+----------------------

Table legend: (Time is in decaauts)
 A = Elapsed time spent in this place.
 B = Non-inter-level travel time spent in this place.
 C = Inter-level travel time spent in this place.
 D = Time resting spent in this place.
 E = Time spent auto-exploring this place.
 F = Levels seen in this place.
 G = Mean time per level.
                   A        B        C        D        E       F      G
               +--------+--------+--------+--------+--------+-----+--------+
         Total |  12127 |  11628 |    499 |     53 |  10278 |   9 | 1347.4 |
       Dungeon |  11319 |  10820 |    499 |     53 |   9665 |   8 | 1414.9 |
       Ossuary |    808 |    808 |      0 |      0 |    613 |   1 |  808.0 |
               +--------+--------+--------+--------+--------+-----+--------+

Top non-repeatable levels by time:
     D:4: 2550 daAuts
     D:6: 2010 daAuts
     D:5: 1797 daAuts
     D:7: 1417 daAuts
     D:1: 1337 daAuts
     D:2: 1087 daAuts
     D:3: 1070 daAuts
 Ossuary: 808 daAuts
     D:8: 49 daAuts
